 Dungeon Crawl Stone Soup version 0.30-a0-585-g93115170b9 (webtiles) character file.

Game seed: 11585155947034282219

189 wormed the Ducker (level 5, -7/47 HPs)
             Began as a Gnoll Monk on Jan 2, 2023.
             Was a Priest of Cheibriados.
             Mangled by Grinder (9 damage)
             ... on level 3 of the Dungeon.
             The game lasted 00:03:45 (1699 turns).

wormed the Ducker (Gnoll Monk)                      Turns: 1699, Time: 00:03:45

Health: -7/47      AC:  4    Str: 17    XL:     5   Next: 68%
Magic:  7/7        EV: 17    Int: 17    God:    Cheibriados [***...]
Gold:   143        SH:  0    Dex: 23    Spells: 7/7 levels left

rFire   . . .      SeeInvis .    u - +0 long sword
rCold   . . .      Faith    .    (no shield)
rNeg    . . .      Spirit   .    n - +0 leather armour
rPois   .          Reflect  .    (no helmet)
rElec   .          Harm     .    v - scarf {repulsion}
rCorr   .          Rampage  .    (no gloves)
Will    +....                    p - +0 pair of boots
Stlth   +++                      (no amulet)
HPRegen 0.27/turn                e - ring of willpower
MPRegen 0.10/turn                (no ring)

@: repel missiles, very slow
A: fangs 1, strong nose, distributed training
a: Renounce Religion, Bend Time, Temporal Distortion


You were on level 3 of the Dungeon.
You worshipped Cheibriados.
Cheibriados was most pleased with you.
You visited 1 branch of the dungeon, and saw 3 of its levels.

You collected 143 gold pieces.

Inventory:

Hand Weapons
 a - a +0 falchion
 u - a +0 long sword (weapon)
Missiles
 h - 4 poisoned darts (quivered)
Armour
 n - a +0 leather armour (worn)
 p - a +0 pair of boots (worn)
 v - a scarf of repulsion (worn)
Jewellery
 e - a ring of willpower (left hand)
 i - a +6 ring of intelligence
 q - a +6 ring of intelligence
Scrolls
 d - 4 scrolls of teleportation {unknown}
 f - 2 scrolls of fog {unknown}
 k - a scroll of immolation {unknown}
 m - 2 scrolls of identify {unknown}
 s - a scroll of fear {unknown}
 t - a scroll of poison {unknown}
Potions
 b - a potion of mutation {unknown}
 c - a potion of attraction {unknown}
 g - a potion of cancellation {unknown}
 j - a potion of heal wounds {unknown}
 l - a potion of berserk rage {unknown}
 o - a potion of might {unknown}
 r - a potion of lignification {unknown}
 w - a potion of curing
 x - a potion of flight {unknown}


   Skills:
 + Level 6.7 Fighting
 + Level 1.6 Short Blades
 + Level 6.7 Long Blades
 + Level 1.6 Axes
 + Level 1.6 Maces & Flails
 + Level 1.6 Polearms
 + Level 1.6 Staves
 + Level 1.6 Ranged Weapons
 + Level 1.6 Throwing
 + Level 1.6 Armour
 + Level 6.7 Dodging
 + Level 4.5 Stealth
 + Level 1.6 Shields
 + Level 1.6 Unarmed Combat
 + Level 1.6 Spellcasting
 + Level 1.3 Conjurations
 + Level 1.3 Hexes
 + Level 1.3 Summonings
 + Level 1.3 Necromancy
 + Level 1.3 Translocations
 + Level 1.3 Transmutations
 + Level 1.3 Fire Magic
 + Level 1.3 Ice Magic
 + Level 1.3 Air Magic
 + Level 1.3 Earth Magic
 + Level 1.3 Poison Magic
 + Level 1.9 Invocations
 + Level 1.6 Evocations


You had 7 spell levels left.
You didn't know any spells.
Your spell library was empty.

Dungeon Overview and Level Annotations

Branches:
Dungeon (3/15)

Altars:
Cheibriados

Shops:
D:2 :

Annotations:
D:3 Grinder


Innate Abilities, Weirdness & Mutations

You have very sharp teeth.
Your uncanny sense of smell can sniff out nearby items.
Your experience applies equally to all skills.


Message History

Aim: Grinder (63% to hit)
You throw a poisoned dart. The poisoned dart hits Grinder.
Grinder is poisoned.
Throw: 7 darts (poison)
Press: ? - help, Q - select action, (/) - cycle Shift-Dir - straight line, f/p - Grinder
Aim: Grinder (poisoned, 63% to hit)
You throw a poisoned dart. The poisoned dart hits Grinder.
Grinder looks even sicker.
Throw: 6 darts (poison)
Press: ? - help, Q - select action, (/) - cycle Shift-Dir - straight line, f/p - Grinder
Aim: Grinder (lightly wounded, very poisoned, 63% to hit)
You throw a poisoned dart. The poisoned dart hits Grinder.
Grinder looks even sicker.
Grinder is lightly wounded.
Throw: 5 darts (poison)
Press: ? - help, Q - select action, (/) - cycle Shift-Dir - straight line, f/p - Grinder
Aim: Grinder (lightly wounded, very poisoned, 63% to hit)
You throw a poisoned dart. The poisoned dart hits Grinder.
Grinder is lightly wounded.
You slash Grinder!
Grinder is heavily wounded.
Grinder completely misses you.
You hit Grinder.
Grinder is heavily wounded.
Grinder hits you.
You writhe in agony.
You slash Grinder! You bite Grinder, but do no damage.
Grinder is severely wounded.
Grinder gestures at you.
You suddenly lose the ability to move!
Grinder hits you!
You writhe in agony.
Grinder hits you!
You writhe in agony.
* * * LOW HITPOINT WARNING * * *
Grinder hits you!
* * * LOW HITPOINT WARNING * * *
You writhe in agony.
* * * LOW HITPOINT WARNING * * *
You can move again.
You hit Grinder. Your bite misses Grinder.
Grinder is almost dead.
Grinder hits you!
You die...

######. # ......( #.
....... #.##+#.......
#...........(
..##............
........@5(((..(
###############.########
#. ......).....###.# #.
#...............# ..
###########.#######
#####. ................
#..... ....####.#######
######..... ..........#
........... [...####..#
##############....


You could see Grinder (poisoned).

Vanquished Creatures
  Natasha (thrice) (D:2)
  An adder (D:2)
  7 gnolls
  4 bats
  5 endoplasms
  4 giant cockroaches
  2 goblins
  3 hobgoblins
  4 quokkas
  2 ball pythons
  3 frilled lizards
  2 kobolds
  3 rats
43 creatures vanquished.

Notes
Turn   | Place    | Note
-------+----------+-------------------------------------------
     0 | D:1      | wormed the Gnoll Monk began the quest for the Orb.
     0 | D:1      | Reached XP level 1. HP: 23/23 MP: 1/1
   107 | D:1      | Reached XP level 2. HP: 20/29 MP: 2/2
   643 | D:2      | Found a faded altar of an unknown god.
   667 | D:3      | Reached XP level 3. HP: 10/35 MP: 2/4
   770 | D:2      | Reached skill level 1 in Invocations
   776 | D:2      | Reached skill level 1 in Short Blades
   776 | D:2      | Reached skill level 1 in Axes
   776 | D:2      | Reached skill level 1 in Maces & Flails
   776 | D:2      | Reached skill level 1 in Polearms
   776 | D:2      | Reached skill level 1 in Staves
   776 | D:2      | Reached skill level 1 in Ranged Weapons
   776 | D:2      | Reached skill level 1 in Throwing
   776 | D:2      | Reached skill level 1 in Armour
   776 | D:2      | Reached skill level 1 in Shields
   776 | D:2      | Reached skill level 1 in Unarmed Combat
   776 | D:2      | Reached skill level 1 in Spellcasting
   776 | D:2      | Reached skill level 1 in Evocations
   841 | D:2      | Noticed Natasha
   845 | D:2      | Reached XP level 4. HP: 41/41 MP: 5/5
   883 | D:2      | Prayed at the altar of an unknown god.
   883 | D:2      | Became a worshipper of Cheibriados the Contemplative
   883 | D:2      | Reached * piety under Cheibriados
   883 | D:2      | Reached ** piety under Cheibriados
   901 | D:2      | Reached skill level 1 in Conjurations
   901 | D:2      | Reached skill level 1 in Hexes
   901 | D:2      | Reached skill level 1 in Summonings
   901 | D:2      | Reached skill level 1 in Necromancy
   901 | D:2      | Reached skill level 1 in Translocations
   901 | D:2      | Reached skill level 1 in Transmutations
   901 | D:2      | Reached skill level 1 in Fire Magic
   901 | D:2      | Reached skill level 1 in Ice Magic
   901 | D:2      | Reached skill level 1 in Air Magic
   901 | D:2      | Reached skill level 1 in Earth Magic
   901 | D:2      | Reached skill level 1 in Poison Magic
   918 | D:2      | Killed Natasha
   918 | D:2      | Reached *** piety under Cheibriados
   919 | D:2      | Reached XP level 5. HP: 23/47 MP: 5/7
   921 | D:2      | Noticed Natasha
   927 | D:2      | Killed Natasha
   941 | D:2      | Noticed Natasha
   953 | D:2      | Killed Natasha
  1203 | D:2      | Found Axzaceot's Vocational Training.
  1680 | D:3      | Noticed Grinder
  1695 | D:3      | Paralysed by Grinder for 4 turns
  1698 | D:3      | HP: 1/47 [Grinder (3)]
  1699 | D:3      | Mangled by Grinder

Illustrated notes

Levels and vault maps discovered:
D:1:      lightli_iron_boxes, layout_basic
D:2:      layout_rooms, hellmonk_ecumenical_altar_heavens_door,
          minmay_misc_feat_doors, small_statue_intersection,
          nicolae_concentric_dashed_squares_mild, nicolae_shop_vocational,
          uniq_natasha
D:3:      layout_basic, st_stairs_4, uniq_sigmund, uniq_jessica, uniq_robin,
          uniq_grinder

Skill      XL: |  1  2  3  4 |
---------------+-------------+-----
Invocations    | 1 |  1.9
Short Blades   | 1 |  1.6
Axes           | 1 |  1.6
Maces & Flails | 1 |  1.6
Polearms       | 1 |  1.6
Staves         | 1 |  1.6
Ranged Weapons | 1 |  1.6
Throwing       | 1 |  1.6
Armour         | 1 |  1.6
Shields        | 1 |  1.6
Unarmed Combat | 1 |  1.6
Spellcasting   | 1 |  1.6
Evocations     | 1 |  1.6
Conjurations   | 1 |  1.3
Hexes          | 1 |  1.3
Summonings     | 1 |  1.3
Necromancy     | 1 |  1.3
Translocations | 1 |  1.3
Transmutations | 1 |  1.3
Fire Magic     | 1 |  1.3
Ice Magic      | 1 |  1.3
Air Magic      | 1 |  1.3
Earth Magic    | 1 |  1.3
Poison Magic   | 1 |  1.3
Fighting       | |  6.7
Long Blades    | |  6.7
Dodging        | |  6.7
Stealth        | |  4.5

Action                   |  1- 3 |  4- 6 || total
-------------------------+-------+-------++-------
Melee: Falchion          |    61 |    44 ||   105
       Bite              |     5 |     3 ||     8
       Punch             |     4 |       ||     4
       Long sword        |       |     8 ||     8
Throw: Dart              |       |    10 ||    10
  Use: Potion            |     1 |     2 ||     3
 Stab: Sleeping          |     8 |     3 ||    11
       Distracted        |     1 |       ||     1
Armor: Robe              |     6 |       ||     6
       Leather armour    |     3 |     3 ||     6
Dodge: Dodged            |    43 |    42 ||    85

Table legend: (Time is in decaauts)
 A = Elapsed time spent in this place.
 B = Non-inter-level travel time spent in this place.
 C = Inter-level travel time spent in this place.
 D = Time resting spent in this place.
 E = Time spent auto-exploring this place.
 F = Levels seen in this place.
 G = Mean time per level.
                   A        B        C        D        E       F      G
               +--------+--------+--------+--------+--------+-----+--------+
         Total |   2030 |   1929 |    101 |     98 |   1335 |   3 |  676.7 |
       Dungeon |   2030 |   1929 |    101 |     98 |   1335 |   3 |  676.7 |
               +--------+--------+--------+--------+--------+-----+--------+

Top non-repeatable levels by time:
     D:2: 1050 daAuts
     D:1: 623 daAuts
     D:3: 356 daAuts
